| TOP OF THE 1ST |
|
San Antonio Missions batting - Pitching for El Paso Chihuahuas : RHP Alejandro Pena
|
|
Pitching: RHP Alejandro Pena
|
|
|
Batting: LHB Jerold Johnston
|
0-0: Foul Ball, location: 2F 0-1: Foul Ball, location: 2F 0-2: Ball 1-2: Ball 2-2: Ground out U3 (Groundball, 34, EV 91.9 MPH)
|
|
Batting: RHB Amos Lewis
|
0-0: SINGLE (Groundball, 4D, EV 93.8 MPH)
|
|
Batting: LHB Lee Pruitt
|
0-0: Ball 1-0: Ball 2-0: Ball 3-0: Called Strike 3-1: Base on Balls Amos Lewis to second
|
|
Batting: RHB Larry Hamilton
|
0-0: Ball 1-0: Foul Ball, location: 2F 1-1: Called Strike 1-2: Foul Ball, location: 2F 1-2: Foul Ball, location: 2F 1-2: Ball 2-2: Foul Ball, location: 2F 2-2: DOUBLE (Flyball, 78D, EV 96.9 MPH) Amos Lewis scores Lee Pruitt to third
|
|
Pitching: RHP Tom Smith
|
|
|
Batting: LHB John D Morris
|
0-0: Ball 1-0: Foul Ball, location: 2F 1-1: Ball 2-1: Called Strike 2-2: Ball 3-2: Base on Balls
|
|
Batting: LHB Steven Fortune
|
0-0: Called Strike 0-1: Foul Ball, location: 2F 0-2: Ball 1-2: DOUBLE (Line Drive, 9LD, EV 106.9 MPH) Lee Pruitt scores Larry Hamilton scores John D Morris to third Runner from 3rd tries for Home, SAFE, no throw by RF
|
|
Batting: LHB Matt Nokes
|
0-0: Ball 1-0: Fly out, F7 (Flyball, 7D, EV 89.4 MPH)
|
|
Batting: RHB Houston Jimenez
|
0-0: Foul Ball, location: 2F 0-1: SINGLE (Groundball, 3D, EV 106.9 MPH) Steven Fortune to third Runner from 3rd tries for Home, SAFE, throw by RF to home
|
|
Batting: RHB Jack Clark
|
0-0: Called Strike 0-1: Foul Ball, location: 2F 0-2: Ball 1-2: Ball 2-2: Foul Ball, location: 2F 2-2: SINGLE (Line Drive, 9LS, EV 102.5 MPH) Houston Jimenez to second
|
|
Batting: LHB Jerold Johnston
|
0-0: Ball 1-0: Ball 2-0: Ball 3-0: Base on Balls Houston Jimenez to third Jack Clark to second
|
|
Batting: RHB Amos Lewis
|
0-0: Swinging Strike 0-1: Swinging Strike 0-2: Ball 1-2: Strikes out swinging
|
| Top of the 1st over - 5 runs, 5 hits, 0 errors, 3 left on base; San Antonio 5 - El Paso 0 |
| BOTTOM OF THE 1ST |
|
El Paso Chihuahuas batting - Pitching for San Antonio Missions : RHP Gordon Crane
|
|
Pitching: RHP Gordon Crane
|
|
|
Batting: LHB Andy Van Slyke
|
0-0: Ball 1-0: Called Strike 1-1: Ball 2-1: Ball 3-1: Swinging Strike 3-2: Strikes out swinging, 2-3 out at first.
|
|
Batting: RHB Steven Murray
|
0-0: Foul Ball, location: 2F 0-1: Ball 1-1: Ball 2-1: Foul Ball, location: 2F 2-2: SINGLE (Line Drive, 9S, EV 101.3 MPH)
|
|
Batting: RHB Jesse Vann
|
0-0: Called Strike 0-1: Foul Ball, location: 2F 0-2: Foul Ball, location: 2F 0-2: Strikes out swinging
|
|
Batting: LHB Jerry Littmann
|
0-0: Called Strike 0-1: Called Strike 0-2: Foul Ball, location: 2F 0-2: Foul Ball, location: 2F 0-2: Ball 1-2: DOUBLE (Flyball, 89D, EV 98.8 MPH) Steven Murray to third Runner from 3rd tries for Home, SAFE, throw by CF to home
|
|
Batting: RHB Bill Lyons
|
0-0: Ball 1-0: Ground out 4-3 (Groundball, 4, EV 87.5 MPH)
|
| Bottom of the 1st over - 1 run, 2 hits, 0 errors, 1 left on base; San Antonio 5 - El Paso 1 |
| TOP OF THE 2ND |
|
San Antonio Missions batting - Pitching for El Paso Chihuahuas : RHP Tom Smith
|
|
Batting: LHB Lee Pruitt
|
0-0: Ball 1-0: SOLO HOME RUN (Flyball, 9D, EV 92.5 MPH), Distance : 394 ft
|
|
Batting: RHB Larry Hamilton
|
0-0: Ball 1-0: Ball 2-0: Ball 3-0: Called Strike 3-1: SINGLE (Line Drive, 89S, EV 98.1 MPH)
|
|
Batting: LHB John D Morris
|
0-0: Foul Ball, location: 2F 0-1: Called Strike 0-2: Fly out, F7 (Flyball, 7, EV 96.9 MPH)
|
|
Batting: LHB Steven Fortune
|
0-0: Ball 1-0: Swinging Strike 1-1: Ball 2-1: Ball 3-1: Base on Balls Larry Hamilton to second
|
|
Batting: LHB Matt Nokes
|
0-0: Swinging Strike 0-1: Ball 1-1: Ball 2-1: SINGLE (Line Drive, 34, EV 97.5 MPH) Larry Hamilton to third Steven Fortune to second
|
|
Batting: RHB Houston Jimenez
|
0-0: Ball 1-0: Ball 2-0: Fly out, F8 (Line Drive, 8LD, EV 87.5 MPH) Runner from 3rd tags up, SCORES, throw by CF
|
|
Batting: RHB Jack Clark
|
0-0: Called Strike 0-1: Foul Ball, location: 2F 0-2: Foul Ball, location: 2F 0-2: Fly out, F2 (Popup, 3SF, EV 76.9 MPH)
|
| Top of the 2nd over - 2 runs, 3 hits, 0 errors, 2 left on base; San Antonio 7 - El Paso 1 |
| BOTTOM OF THE 2ND |
|
El Paso Chihuahuas batting - Pitching for San Antonio Missions : RHP Gordon Crane
|
|
Batting: LHB Dan Murphy
|
0-0: Ball 1-0: Ground out 5-3 (Groundball, 5S, EV 86.9 MPH)
|
|
Batting: RHB Tom Roarke
|
0-0: Ball 1-0: Ball 2-0: Ball 3-0: Base on Balls
|
|
Batting: RHB Leo George
|
0-0: Ball 1-0: Foul Ball, location: 2F 1-1: Ball 2-1: Foul Ball, location: 2F 2-2: Foul Ball, location: 2F 2-2: Ball 3-2: Strikes out swinging
|
|
Batting: RHB William Parmenter
|
0-0: Called Strike 0-1: Called Strike 0-2: Ball 1-2: Foul Ball, location: 2F 1-2: Ball 2-2: Ground out 4-3 (Groundball, 34, EV 92.5 MPH)
|
| Bottom of the 2nd over - 0 runs, 0 hits, 0 errors, 1 left on base; San Antonio 7 - El Paso 1 |
| TOP OF THE 3RD |
|
San Antonio Missions batting - Pitching for El Paso Chihuahuas : RHP Tom Smith
|
|
Batting: LHB Jerold Johnston
|
0-0: Called Strike 0-1: Ball 1-1: Ball 2-1: Foul Ball, location: 2F 2-2: Ball 3-2: Base on Balls
|
|
Batting: RHB Amos Lewis
|
0-0: Called Strike 0-1: Swinging Strike 0-2: Ball 1-2: Foul Ball, location: 2F 1-2: SINGLE (Groundball, 4MD, EV 95.0 MPH) (infield hit) Jerold Johnston to second
|
|
Pitching: RHP Antonio Pilla
|
|
|
Batting: LHB Lee Pruitt
|
0-0: Fly out, F9 (Line Drive, 9, EV 90.0 MPH)
|
|
Batting: RHB Larry Hamilton
|
0-0: Ball 1-0: Ground out 5-3 (Groundball, 56S, EV 83.8 MPH) Jerold Johnston to third Amos Lewis to second
|
|
Batting: LHB John D Morris
|
0-0: Ball 1-0: Ball 2-0: Foul Ball, location: 2F 2-1: Called Strike 2-2: Strikes out swinging
|
| Top of the 3rd over - 0 runs, 1 hit, 0 errors, 2 left on base; San Antonio 7 - El Paso 1 |
| BOTTOM OF THE 3RD |
|
El Paso Chihuahuas batting - Pitching for San Antonio Missions : RHP Gordon Crane
|
|
Batting: LHB Andy Van Slyke
|
0-0: Fly out, F9 (Line Drive, 9, EV 93.8 MPH)
|
|
Batting: RHB Steven Murray
|
0-0: Called Strike 0-1: Called Strike 0-2: Strikes out swinging
|
|
Batting: RHB Jesse Vann
|
0-0: Called Strike 0-1: Ball 1-1: Called Strike 1-2: Ball 2-2: Foul Ball, location: 2F 2-2: Ball 3-2: Ground out 6-3 (Groundball, 6MD, EV 111.3 MPH)
|
| Bottom of the 3rd over - 0 runs, 0 hits, 0 errors, 0 left on base; San Antonio 7 - El Paso 1 |
| TOP OF THE 4TH |
|
San Antonio Missions batting - Pitching for El Paso Chihuahuas : RHP Antonio Pilla
|
|
Batting: LHB Steven Fortune
|
0-0: Fly out, F7 (Line Drive, 7D, EV 94.4 MPH)
|
|
Batting: LHB Matt Nokes
|
0-0: Ball 1-0: Ball 2-0: Foul Ball, location: 2F 2-1: Ball 3-1: SINGLE (Groundball, 5D, EV 103.8 MPH)
|
|
Batting: RHB Houston Jimenez
|
0-0: Ground out U3 (Groundball, 3S, EV 86.9 MPH) Matt Nokes to second
|
|
Batting: RHB Jack Clark
|
0-0: Ball 1-0: Ball 2-0: Foul Ball, location: 2F 2-1: Ball 3-1: Base on Balls
|
|
Batting: LHB Jerold Johnston
|
0-0: Ball 1-0: Ball 2-0: Called Strike 2-1: Ball 3-1: Called Strike 3-2: Foul Ball, location: 2F 3-2: Foul Ball, location: 2F 3-2: Foul Ball, location: 2F 3-2: Foul Ball, location: 2F 3-2: Base on Balls Matt Nokes to third Jack Clark to second
|
|
Batting: RHB Amos Lewis
|
0-0: Ball 1-0: Ball 2-0: Fielders Choice at 2nd, 6-4 (Groundball, 6, EV 78.8 MPH)
|
| Top of the 4th over - 0 runs, 1 hit, 0 errors, 3 left on base; San Antonio 7 - El Paso 1 |
| BOTTOM OF THE 4TH |
|
El Paso Chihuahuas batting - Pitching for San Antonio Missions : RHP Gordon Crane
|
|
Batting: LHB Jerry Littmann
|
0-0: Ground out 5-3 (Groundball, 5L, EV 98.8 MPH)
|
|
Batting: RHB Bill Lyons
|
0-0: Ball 1-0: Ball 2-0: Ground out 3-1 (Groundball, 34, EV 91.9 MPH)
|
|
Batting: LHB Dan Murphy
|
0-0: Ball 1-0: Ball 2-0: Ball 3-0: Called Strike 3-1: Called Strike 3-2: Foul Ball, location: 2F 3-2: Ground out 4-3 (Groundball, 34, EV 83.1 MPH)
|
| Bottom of the 4th over - 0 runs, 0 hits, 0 errors, 0 left on base; San Antonio 7 - El Paso 1 |
| TOP OF THE 5TH |
|
San Antonio Missions batting - Pitching for El Paso Chihuahuas : RHP Antonio Pilla
|
|
Batting: LHB Lee Pruitt
|
0-0: Called Strike 0-1: Ball 1-1: Called Strike 1-2: Ball 2-2: Ball 3-2: Fly out, F8 (Flyball, 8RM, EV 97.5 MPH)
|
|
Batting: RHB Larry Hamilton
|
0-0: Foul Ball, location: 2F 0-1: Ball 1-1: Foul Ball, location: 2F 1-2: DOUBLE (Line Drive, 7LM, EV 100.6 MPH)
|
|
Batting: LHB John D Morris
|
0-0: Swinging Strike 0-1: Foul Ball, location: 2F 0-2: Ball 1-2: Fly out, F8 (Flyball, 8LXD, EV 105.6 MPH) Runner from 2nd tags up, SAFE at 3rd, no throw by CF
|
|
Batting: LHB Steven Fortune
|
0-0: Ball 1-0: Called Strike 1-1: Ball 2-1: Foul Ball, location: 2F 2-2: Ball 3-2: Strikes out swinging
|
| Top of the 5th over - 0 runs, 1 hit, 0 errors, 1 left on base; San Antonio 7 - El Paso 1 |
| BOTTOM OF THE 5TH |
|
El Paso Chihuahuas batting - Pitching for San Antonio Missions : RHP Gordon Crane
|
|
Batting: RHB Tom Roarke
|
0-0: Ball 1-0: DOUBLE (Groundball, 5L, EV 106.3 MPH)
|
|
Batting: RHB Leo George
|
0-0: Ball 1-0: Called Strike 1-1: SINGLE (Groundball, P, EV 77.5 MPH) (infield hit) Tom Roarke to third
|
|
Batting: RHB William Parmenter
|
0-0: Called Strike 0-1: Ball 1-1: Ball 2-1: Ball 3-1: Foul Ball, location: 2F 3-2: Base on Balls Leo George to second
|
|
Batting: LHB Andy Van Slyke
|
0-0: Ball 1-0: Called Strike 1-1: Ball 2-1: Called Strike 2-2: Ball 3-2: Base on Balls Tom Roarke scores Leo George to third William Parmenter to second
|
|
Batting: RHB Steven Murray
|
0-0: Foul Ball, location: 2F 0-1: Ball 1-1: Fielders Choice at 2nd, 3-6 (Groundball, 34, EV 80.6 MPH) Leo George scores William Parmenter to third
|
|
Batting: RHB Jesse Vann
|
0-0: Ball 1-0: Foul Ball, location: 2F 1-1: Swinging Strike 1-2: Ball 2-2: Fly out, F8 (Line Drive, 8LM, EV 85.0 MPH)
|
|
Batting: LHB Jerry Littmann
|
0-0: Called Strike 0-1: Ball 1-1: SINGLE (Groundball, 56S, EV 72.5 MPH) (infield hit) William Parmenter scores Steven Murray to second
|
|
Batting: RHB Bill Lyons
|
0-0: Foul Ball, location: 2F 0-1: Foul Ball, location: 2F 0-2: Ball 1-2: Ball 2-2: Strikes out swinging
|
| Bottom of the 5th over - 3 runs, 3 hits, 0 errors, 2 left on base; San Antonio 7 - El Paso 4 |
| TOP OF THE 6TH |
|
San Antonio Missions batting - Pitching for El Paso Chihuahuas : RHP Antonio Pilla
|
|
Batting: LHB Matt Nokes
|
0-0: SINGLE (Groundball, 6MS, EV 68.1 MPH) (infield hit)
|
|
Batting: RHB Houston Jimenez
|
0-0: Bunt missed! 0-1: Bunted foul 0-2: Ball 1-2: Foul Ball, location: 2F 1-2: Ball 2-2: Fly out, F9 (Flyball, 89M, EV 83.8 MPH)
|
|
Batting: RHB Jack Clark
|
0-0: Ball 1-0: Ball 2-0: Swinging Strike 2-1: DOUBLE (Line Drive, 9LS, EV 95.0 MPH) Matt Nokes to third Runner from 3rd tries for Home, SAFE, throw by RF to trailing runner, SAFE at third!
|
|
Pitching: RHP Gordon Gauntlett
|
|
|
Batting: LHB Jerold Johnston
|
0-0: Foul Ball, location: 2F 0-1: Ball 1-1: Ball Wild Pitch! Jack Clark scores 2-1: Foul Ball, location: 2F 2-2: Ball 3-2: SINGLE (Groundball, P, EV 96.9 MPH)
|
|
Batting: RHB Amos Lewis
|
0-0: Ball 1-0: Ball 2-0: Ball 3-0: Base on Balls Jerold Johnston to second
|
|
Batting: LHB Lee Pruitt
|
0-0: Ball 1-0: Foul Ball, location: 2F 1-1: Ball 2-1: Ball 3-1: Foul Ball, location: 2F 3-2: Foul Ball, location: 2F 3-2: Base on Balls Jerold Johnston to third Amos Lewis to second
|
|
Batting: RHB Larry Hamilton
|
0-0: Called Strike 0-1: Grounds out, U3 (Groundball, 3L, EV 88.8 MPH) Jerold Johnston scores Amos Lewis to third
|
|
Batting: LHB John D Morris
|
0-0: Ball 1-0: Ball 2-0: Called Strike 2-1: Ball 3-1: Foul Ball, location: 2F 3-2: Fly out, F9 (Flyball, 89M, EV 92.5 MPH)
|
| Top of the 6th over - 3 runs, 3 hits, 0 errors, 2 left on base; San Antonio 10 - El Paso 4 |
| BOTTOM OF THE 6TH |
|
El Paso Chihuahuas batting - Pitching for San Antonio Missions : RHP Gordon Crane
|
|
Batting: LHB Dan Murphy
|
0-0: Ball 1-0: Ball 2-0: SINGLE (Groundball, 6M, EV 105.6 MPH) (infield hit)
|
|
Batting: RHB Tom Roarke
|
0-0: SINGLE (Groundball, 4S, EV 86.3 MPH) (infield hit) Dan Murphy to second
|
|
Batting: RHB Leo George
|
0-0: Ball 1-0: Fly out, F8 (Flyball, 89M, EV 88.8 MPH)
|
|
Batting: RHB William Parmenter
|
0-0: Foul Ball, location: 2F 0-1: Ball 1-1: Fly out, F8 (Flyball, 89D, EV 97.5 MPH) Runner from 2nd tags up, SAFE at 3rd, no throw by CF
|
|
Batting: LHB Andy Van Slyke
|
0-0: Called Strike 0-1: Ball 1-1: DOUBLE (Line Drive, 8RXD, EV 105.6 MPH) Dan Murphy scores Tom Roarke to third Runner from 3rd tries for Home, SAFE, no throw by CF
|
|
Pitching: RHP Edward Arkema
|
|
|
Batting: RHB Steven Murray
|
0-0: Ball 1-0: Ball 2-0: Ball 3-0: Base on Balls
|
|
Batting: RHB Jesse Vann
|
0-0: Ball 1-0: Ball 2-0: Called Strike 2-1: Ball Wild Pitch! Andy Van Slyke to third Steven Murray to second 3-1: Called Strike 3-2: 3-RUN HOME RUN (Flyball, 78XD, EV 104.4 MPH), Distance : 432 ft
|
|
Batting: LHB Jerry Littmann
|
0-0: Ball 1-0: Called Strike 1-1: Ball 2-1: Foul Ball, location: 2F 2-2: Ball 3-2: Foul Ball, location: 2F 3-2: Fly out, F9 (Line Drive, 9, EV 93.8 MPH)
|
| Bottom of the 6th over - 5 runs, 4 hits, 0 errors, 0 left on base; San Antonio 10 - El Paso 9 |
| TOP OF THE 7TH |
|
San Antonio Missions batting - Pitching for El Paso Chihuahuas : RHP Gordon Gauntlett
|
|
Batting: LHB Steven Fortune
|
0-0: Called Strike 0-1: Ground out U3 (Groundball, 34, EV 85.0 MPH)
|
|
Batting: LHB Matt Nokes
|
0-0: Foul Ball, location: 2F 0-1: Foul Ball, location: 2F 0-2: Ball 1-2: SINGLE (Groundball, 4MD, EV 103.1 MPH)
|
|
Batting: RHB Houston Jimenez
|
0-0: Called Strike 0-1: Foul Ball, location: 2F 0-2: Ball 1-2: Ball 2-2: Foul Ball, location: 2F 2-2: Ball 3-2: Fly out, F3 (Popup, 3, EV 75.6 MPH)
|
|
Batting: RHB Jack Clark
|
0-0: Ball 1-0: Called Strike 1-1: Ground out 4-3 (Groundball, 34, EV 85.0 MPH)
|
| Top of the 7th over - 0 runs, 1 hit, 0 errors, 1 left on base; San Antonio 10 - El Paso 9 |
| BOTTOM OF THE 7TH |
|
El Paso Chihuahuas batting - Pitching for San Antonio Missions : RHP Edward Arkema
|
|
Batting: RHB Bill Lyons
|
0-0: Ball 1-0: Called Strike 1-1: SINGLE (Line Drive, 9S, EV 88.8 MPH)
|
|
Batting: LHB Dan Murphy
|
0-0: Foul Ball, location: 2F 0-1: Ball 1-1: Foul Ball, location: 2F 1-2: Ball 2-2: Ball 3-2: Foul Ball, location: 2F 3-2: Foul Ball, location: 2F 3-2: Foul Ball, location: 2F 3-2: Base on Balls Bill Lyons to second
|
|
Batting: RHB Tom Roarke
|
0-0: Called Strike 0-1: Foul Ball, location: 2F 0-2: Ball 1-2: Strikes out swinging
|
|
Batting: RHB Leo George
|
0-0: Called Strike 0-1: Ball 1-1: Ball 2-1: Foul Ball, location: 2F 2-2: Strikes out swinging
|
|
Pitching: RHP John Leavitt
|
|
|
Pinch Hitting: LHB Matthew Vejar
|
0-0: Ball 1-0: Called Strike 1-1: Called Strike 1-2: Ball 2-2: Fielders Choice at 2nd, U6 (Groundball, 6M, EV 105.6 MPH)
|
| Bottom of the 7th over - 0 runs, 1 hit, 0 errors, 2 left on base; San Antonio 10 - El Paso 9 |
| TOP OF THE 8TH |
|
San Antonio Missions batting - Pitching for El Paso Chihuahuas : RHP Gordon Gauntlett
|
|
Now at SS: Otis Tramble
|
|
|
Batting: LHB Jerold Johnston
|
0-0: Swinging Strike 0-1: Ball 1-1: Swinging Strike 1-2: Ball 2-2: Ball 3-2: Base on Balls
|
|
Batting: RHB Amos Lewis
|
0-0: Foul Ball, location: 2F 0-1: Ball 1-1: Ball 2-1: Ball 3-1: SINGLE (Groundball, 56, EV 87.5 MPH) (infield hit) Jerold Johnston to second
|
|
Batting: LHB Lee Pruitt
|
0-0: SINGLE (Groundball, 34D, EV 101.3 MPH) Jerold Johnston to third Amos Lewis to second Runner from 3rd tries for Home, SAFE, throw by RF to home Amos Lewis to third Lee Pruitt to second
|
|
Batting: RHB Larry Hamilton
|
0-0: Foul Ball, location: 2F 0-1: Ball 1-1: Fly out, F7 (Line Drive, 7D, EV 98.8 MPH) Runner from 3rd tags up, SCORES, no throw by LF
|
|
Batting: LHB John D Morris
|
0-0: Foul Ball, location: 2F 0-1: Called Strike 0-2: Ball 1-2: Strikes out swinging
|
|
Batting: LHB Steven Fortune
|
0-0: Ground out U3 (Groundball, 3, EV 98.8 MPH)
|
| Top of the 8th over - 2 runs, 2 hits, 0 errors, 1 left on base; San Antonio 12 - El Paso 9 |
| BOTTOM OF THE 8TH |
|
El Paso Chihuahuas batting - Pitching for San Antonio Missions : RHP John Leavitt
|
|
Batting: LHB Andy Van Slyke
|
0-0: Called Strike 0-1: Ball 1-1: Ball 2-1: Ball 3-1: Fly out, F7 (Flyball, 7D, EV 85.6 MPH)
|
|
Batting: RHB Steven Murray
|
0-0: Ball 1-0: Swinging Strike 1-1: Ball 2-1: Called Strike 2-2: Ball 3-2: Strikes out swinging
|
|
Batting: RHB Jesse Vann
|
0-0: Ball 1-0: Ball 2-0: Ball 3-0: Base on Balls
|
|
Batting: LHB Jerry Littmann
|
0-0: Ball 1-0: Foul Ball, location: 2F 1-1: Ball 2-1: Ball 3-1: Base on Balls Jesse Vann to second
|
|
Batting: RHB Bill Lyons
|
0-0: Ball 1-0: Ball 2-0: Fielders Choice at 2nd, U4 (Groundball, 4M, EV 76.9 MPH)
|
| Bottom of the 8th over - 0 runs, 0 hits, 0 errors, 2 left on base; San Antonio 12 - El Paso 9 |
| TOP OF THE 9TH |
|
San Antonio Missions batting - Pitching for El Paso Chihuahuas : RHP Gordon Gauntlett
|
|
Pitching: RHP Gary Kaczor
|
|
|
Batting: LHB Matt Nokes
|
0-0: Ball 1-0: Ball 2-0: Ball 3-0: Base on Balls
|
|
Batting: RHB Houston Jimenez
|
0-0: Reached on error, E1 (Groundball, P, EV 43.8 MPH) Matt Nokes to third
|
|
Batting: RHB Jack Clark
|
0-0: Foul Ball, location: 2F 0-1: Fly out, F8 (Line Drive, 8RD, EV 91.9 MPH) Runner from 3rd tags up, SCORES, throw by CF Houston Jimenez to third
|
|
Batting: LHB Jerold Johnston
|
0-0: Foul Ball, location: 2F 0-1: Foul Ball, location: 2F 0-2: Ball 1-2: Fly out, F4 (Line Drive, 4, EV 71.9 MPH)
|
|
Batting: RHB Amos Lewis
|
0-0: Called Strike 0-1: Foul Ball, location: 2F 0-2: Ball 1-2: Ball 2-2: Foul Ball, location: 2F 2-2: Ball 3-2: Ground out 1-3 (Groundball, 13S, EV 63.1 MPH)
|
| Top of the 9th over - 1 run, 0 hits, 1 error, 1 left on base; San Antonio 13 - El Paso 9 |
| BOTTOM OF THE 9TH |
|
El Paso Chihuahuas batting - Pitching for San Antonio Missions : RHP John Leavitt
|
|
Batting: LHB Dan Murphy
|
0-0: Ball 1-0: Ball 2-0: Swinging Strike 2-1: Foul Ball, location: 2F 2-2: Ball 3-2: Foul Ball, location: 2F 3-2: Base on Balls
|
|
Batting: RHB Tom Roarke
|
0-0: Ball 1-0: SINGLE (Groundball, 34D, EV 103.1 MPH) Dan Murphy to second
|
|
Pitching: RHP Robert Rudi
|
|
|
Batting: RHB Leo George
|
0-0: Ball 1-0: Called Strike 1-1: Called Strike 1-2: Strikes out swinging
|
|
Batting: SHB Otis Tramble
|
0-0: Ground out 6-3 (Groundball, 6S, EV 75.0 MPH) Dan Murphy to third Tom Roarke to second
|
|
Pitching: RHP Miguel Hernandez
|
|
|
Batting: LHB Andy Van Slyke
|
0-0: Called Strike 0-1: Fly out, F8 (Flyball, 8RM, EV 83.8 MPH)
|
| Bottom of the 9th over - 0 runs, 1 hit, 0 errors, 2 left on base; San Antonio 13 - El Paso 9 |
|